 Dungeon Crawl Stone Soup version 0.22-a0-872-g6a232dd (webtiles) character file.

149 suicidejoker the Sneak (level 5, -2/36 HPs)
             Began as an Octopode Assassin on July 29, 2018.
             Slain by an ooze (5 damage)
             ... on level 3 of the Dungeon.
             The game lasted 00:04:27 (2077 turns).

suicidejoker the Sneak (Octopode Assassin)          Turns: 2077, Time: 00:04:27

Health: -2/36      AC:  1    Str: 11    XL:     5   Next: 31%
Magic:  5/5        EV: 13    Int: 13    God:
Gold:   138        SH:  0    Dex: 14    Spells: 4/4 levels left

rFire    . . .     SeeInvis .   i - +2 dagger (speed)
rCold    . . .     Gourm    .   (no shield)
rNeg     . . .     Faith    .   (helmet restricted)
rPois    .         Spirit   .   (no amulet)
rElec    .         Reflect  .   p - ring of resist corrosion
rCorr    +         Harm     .   u - ring of flight
MR       .....                  (no ring)
Stlth    +++++.....             (no ring)
HPRegen  0.12/turn              (no ring)
MPRegen  0.09/turn              (no ring)
                                (no ring)
                                (no ring)

@: no status effects
A: almost no armour, stealthy swim, amphibious, 8 rings, constrict 8, camouflage
1, gelatinous body 1
a: Evoke Flight


You were on level 3 of the Dungeon.
You were not hungry.

You visited 1 branch of the dungeon, and saw 3 of its levels.

You collected 138 gold pieces.

Inventory:

Hand Weapons
 b - a +0 blowgun
 i - a +2 dagger of speed (weapon)
Missiles
 c - 14 poisoned needles
 d - 2 curare-tipped needles
 v - 5 tomahawks (quivered)
Jewellery
 p - a ring of resist corrosion (left tentacle)
 u - a ring of flight (right tentacle)
 x - an uncursed amulet of rage {unknown}
Scrolls
 e - 2 scrolls of amnesia {unknown}
 h - 3 scrolls of teleportation {unknown}
 j - 2 scrolls of remove curse {unknown}
 k - a scroll of enchant weapon {unknown}
 l - 2 scrolls of random uselessness {unknown}
 n - a scroll of magic mapping {unknown}
 o - 2 scrolls of fear {unknown}
 r - 2 scrolls of identify {unknown}
Comestibles
 f - 7 rations
 w - a chunk of flesh


   Skills:
 + Level 3.1 Fighting
 + Level 3.1 Short Blades
 - Level 2.0 Throwing
 - Level 1.0 Dodging
 * Level 7.4 Stealth


You had 4 spell levels left.
You didn't know any spells.
Your spell library was empty.

Dungeon Overview and Level Annotations

Branches:
Dungeon (3/15)

Altars:


Innate Abilities, Weirdness & Mutations

You cannot wear most types of armour.
You are very stealthy in the water. (Stealth+)
You are amphibious.
You can wear up to eight rings at the same time.
You can use your tentacles to constrict eight enemies at once.
Your skin changes colour to match your surroundings (Stealth+).
Your rubbery body absorbs attacks. (AC +1, EV +1)


Message History

* * * LOW HITPOINT WARNING * * *
The orc wizard casts a spell at you. The magic dart hits you!
It was a potion of haste.
You feel yourself speed up.
A hobgoblin comes into view. It is wielding a club.
The orc priest hits you but does no damage.
The orc hits you but does no damage. The ooze hits you but does no damage.
The orc priest looks satisfied for a moment.
The orc wizard hits you but does no damage.
It was a potion of curing.
You feel better.
The orc priest hits you but does no damage.
It was a potion of cancellation.
Your magical effects are unravelling.
You feel magically purged.
You feel less wooden.
You feel yourself slow down.
You feel a little less clever now.
The orc hits you with a whip of holy wrath.
* * * LOW HITPOINT WARNING * * *
The ooze hits you.
You die...

########## .........#
#####
.........###########...#
.......).....>..†..#...#
......J......)..........
....o.o@....##.#####....
......oo..####)# #...#
......o..## #.# #####
.........# #.# #
.........# #.# #####
###g###### #.# #.... #.
#.. #.... # ##. #....
#....


You could see 2 orc priests, an orc wizard, an ooze, 2 orcs and a hobgoblin.

Vanquished Creatures
  2 gnolls (D:1)
  4 adders
  An ooze (D:1)
  3 worms
  3 dart slugs
  A leopard gecko (D:2)
  4 orcs (D:3)
  14 giant cockroaches
  5 goblins
  7 hobgoblins
  A quokka (D:3)
  6 bats
  A frilled lizard (D:3)
  8 kobolds
  7 rats
67 creatures vanquished.

Notes
Turn   | Place    | Note
-------+----------+-------------------------------------------
     0 | D:1      | suicidejoker the Octopode Assassin began the quest for the Orb.
     0 | D:1      | Reached XP level 1. HP: 14/14 MP: 1/1
     6 | D:1      | Reached XP level 2. HP: 19/19 MP: 2/2
   114 | D:1      | Reached skill level 6 in Stealth
   114 | D:1      | Reached XP level 3. HP: 25/25 MP: 3/3
   792 | D:2      | Reached XP level 4. HP: 28/30 MP: 4/4
  1314 | D:2      | Reached skill level 7 in Stealth
  1581 | D:2      | Reached XP level 5. HP: 36/36 MP: 5/5
  2077 | D:3      | Slain by an ooze

Vault maps used:
D:1:      dpeg_arrival_chambers_temple_mockup
D:2:      minmay_roachtagon, serial_bayou, serial_bayou_lake_a,
          serial_bayou_ford_a, serial_bayou_pond_b, serial_bayou_lagoon_a,
          first_ration
D:3:      zin_academy, uniq_robin, uniq_purgy

Skill      XL: |  1  2  3  4  5 |
---------------+----------------+-----
Stealth        | 6 7 |  7.4
Fighting       | 3 |  3.1
Short Blades   | 3 |  3.1
Throwing       | |  2.0
Dodging        | |  1.0

Action                   |  1- 3 |  4- 6 || total
-------------------------+-------+-------++-------
Melee: Dagger            |    41 |   105 ||   146
       Constrict         |     7 |    25 ||    32
       Tentacles         |     5 |    19 ||    24
  Use: Potion            |       |     6 ||     6
 Stab: Sleeping          |    12 |     7 ||    19
  Eat: Chunk             |       |     4 ||     4
Armor: Skin              |     3 |    14 ||    17
Dodge: Dodged            |    23 |    55 ||    78

Table legend:
 A = Spawn XP
 B = Non-spawn XP
 C = Spawn XP percentage of total XP
 D = Spawn monster count
 E = Non-spawn monster count
 F = Spawn count percentage of total count
 G = Total turns spent on level
                    A         B        C        D         E        F      G
               +---------+---------+-------+---------+---------+-------+---------
         Total |       0 |     213 |   0.0 |       0 |      67 |   0.0 |  2077
               +---------+---------+-------+---------+---------+-------+---------
           D:1 |       0 |      70 |   0.0 |       0 |      22 |   0.0 |   717
           D:2 |       0 |      99 |   0.0 |       0 |      31 |   0.0 |  1091
           D:3 |       0 |      44 |   0.0 |       0 |      14 |   0.0 |   269
               +---------+---------+-------+---------+---------+-------+---------
